[Event "FICS rated blitz game"]
[Site "FICS freechess.org"]
[FICSGamesDBGameNo "20000818"]
[White "BigMaster"]
[Black "gndo"]
[WhiteElo "1550"]
[BlackElo "1454"]
[WhiteRD "na"]
[BlackRD "na"]
[TimeControl "180+12"]
[Date "1999.06.08"]
[Time "03:14:00"]
[WhiteClock "0:03:00.000"]
[BlackClock "0:03:00.000"]
[ECO "C68"]
[PlyCount "86"]
[Result "0-1"]

1. e4 e5 2. Nf3 Nc6 3. Bb5 a6 4. Bxc6 dxc6 5. O-O Bd6 6. d4 Qf6 7. dxe5 Bxe5 8. Nxe5 Qxe5 9. f4 Qc5+ 10. Kh1 Bd7 11. Nc3 O-O-O 12. Qf3 f6 13. Be3 Qe7 14. Bg1 f5 15. Qe3 fxe4 16. Qa7 Bf5 17. Rad1 Rd6 18. Rxd6 cxd6 19. Bb6 c5 20. Nd5 Qh4 21. Qa8+ Kd7 22. Qxb7+ Ke8 23. g3 Qh3 24. Ne3 Nf6 25. Qb8+ Bc8 26. Rf2 Kf7 27. Qxd6 Re8 28. Qxc5 Ng4 29. Nxg4 Qxg4 30. Rf1 e3 31. Qg5 Bb7+ 32. Kg1 Qe2 33. Qf5+ Kg8 34. Qh3 Qxc2 35. f5 e2 36. Re1 Qxb2 37. Bf2 Qxa2 38. f6 Qd5 39. f7+ Kxf7 40. Bb6 Qh1+ 41. Kf2 Qf3+ 42. Kg1 Kg8 43. Bd4 Rf8 {White resigns} 0-1

[Event "FICS rated blitz game"]
[Site "FICS freechess.org"]
[FICSGamesDBGameNo "20000817"]
[White "Barnabas"]
[Black "makarp"]
[WhiteElo "1122"]
[BlackElo "1317"]
[WhiteRD "na"]
[BlackRD "na"]
[TimeControl "300+0"]
[Date "1999.06.07"]
[Time "22:49:00"]
[WhiteClock "0:05:00.000"]
[BlackClock "0:05:00.000"]
[ECO "C50"]
[PlyCount "46"]
[Result "0-1"]

1. e4 e5 2. Nf3 Nc6 3. Bc4 Bc5 4. Ng5 Qxg5 5. O-O Qg6 6. b3 Qxe4 7. Re1 Qf5 8. Bb2 Bxf2+ 9. Kh1 Bxe1 10. Qxe1 d6 11. Nc3 Qxc2 12. Qf1 Nf6 13. Nd5 Qxb2 14. Nxc7+ Kd8 15. Nxa8 d5 16. Rb1 Qxd2 17. Rd1 Qa5 18. Qf3 e4 19. Rxd5+ Nxd5 20. Qd1 Be6 21. Bxd5 Bxd5 22. a3 Ne7 23. b4 Qxa3 {White resigns} 0-1

[Event "FICS rated blitz game"]
[Site "FICS freechess.org"]
[FICSGamesDBGameNo "20000816"]
[White "Reznor"]
[Black "ricardo"]
[WhiteElo "2028"]
[BlackElo "1931"]
[WhiteRD "na"]
[BlackRD "na"]
[TimeControl "180+0"]
[Date "1999.06.07"]
[Time "18:30:00"]
[WhiteClock "0:03:00.000"]
[BlackClock "0:03:00.000"]
[ECO "C30"]
[PlyCount "80"]
[Result "0-1"]

1. e4 e5 2. f4 Nc6 3. Nf3 exf4 4. d4 d5 5. exd5 Qxd5 6. Nc3 Bb4 7. Be2 Bxc3+ 8. bxc3 Nf6 9. Bxf4 O-O 10. O-O Re8 11. Bxc7 Bg4 12. Bf4 Rad8 13. c4 Qe4 14. Bc7 Rd7 15. Bd3 Qe3+ 16. Kh1 Rxc7 17. d5 Nd4 18. Re1 Qxe1+ 19. Qxe1 Rxe1+ 20. Nxe1 Be2 21. Kg1 b6 22. a4 Bxd3 23. cxd3 Ng4 24. a5 h5 25. axb6 axb6 26. Rb1 b5 27. cxb5 Rb7 28. b6 Ne2+ 29. Kf1 Nc3 30. Rc1 Nxd5 31. Rc8+ Kh7 32. Rc6 Rxb6 33. Rc5 Nde3+ 34. Ke2 Re6 35. Rxh5+ Kg6 36. Rc5 Nc2+ 37. Kd2 Nxe1 38. Rc4 Nxh2 39. Rh4 Nf1+ 40. Kc3 Nxg2 {White resigns} 0-1

[Event "FICS rated blitz game"]
[Site "FICS freechess.org"]
[FICSGamesDBGameNo "20000814"]
[White "PoindexterIII"]
[Black "Botvinnikov"]
[WhiteElo "1722"]
[BlackElo "1726"]
[WhiteRD "na"]
[BlackRD "na"]
[TimeControl "180+0"]
[Date "1999.06.07"]
[Time "15:28:00"]
[WhiteClock "0:03:00.000"]
[BlackClock "0:03:00.000"]
[ECO "A40"]
[PlyCount "67"]
[Result "1-0"]

1. d4 e6 2. Nf3 f5 3. Bg5 Be7 4. Bxe7 Qxe7 5. c3 Nf6 6. Nbd2 O-O 7. e3 d6 8. Bd3 e5 9. dxe5 dxe5 10. Bc4+ Kh8 11. O-O Nc6 12. Qe2 e4 13. Nd4 Nxd4 14. cxd4 Be6 15. Rac1 Bxc4 16. Rxc4 Rad8 17. Re1 c6 18. f4 Nd5 19. a3 Rf6 20. Qf2 Rh6 21. Rcc1 Qf7 22. Nc4 Qh5 23. h3 Qg6 24. Ne5 Qf6 25. b4 Ne7 26. b5 Ng6 27. bxc6 Nxe5 28. dxe5 Qg6 29. cxb7 Qb6 30. Rb1 Qc7 31. Rec1 Qb8 32. Qc2 Rb6 33. Rxb6 axb6 34. Qc8 {Black resigns} 1-0

[Event "FICS rated lightning game"]
[Site "FICS freechess.org"]
[FICSGamesDBGameNo "20000813"]
[White "Galileo"]
[Black "Nicolaikaskia"]
[WhiteElo "1753"]
[BlackElo "1828"]
[WhiteRD "na"]
[BlackRD "na"]
[TimeControl "60+0"]
[Date "1999.06.07"]
[Time "12:12:00"]
[WhiteClock "0:01:00.000"]
[BlackClock "0:01:00.000"]
[ECO "D13"]
[PlyCount "106"]
[Result "0-1"]

1. c4 c6 2. Nc3 d5 3. cxd5 cxd5 4. d4 Nf6 5. Nf3 Nc6 6. Bg5 Bg4 7. e3 e6 8. Be2 Bd6 9. O-O a6 10. h3 Bh5 11. a3 h6 12. Bxf6 Qxf6 13. b4 O-O 14. Na4 Bg6 15. Nc5 Bxc5 16. bxc5 Rac8 17. Bd3 Bxd3 18. Qxd3 Ne7 19. Rab1 Qf5 20. Qxf5 Nxf5 21. Rxb7 Rc6 22. Rfb1 Rfc8 23. R7b6 a5 24. R6b5 a4 25. Ra5 Ne7 26. Rxa4 f6 27. Ra7 Ng6 28. a4 e5 29. Rb6 exd4 30. exd4 Nf4 31. Rxc6 Rxc6 32. a5 Ne2+ 33. Kf1 Nc3 34. a6 Rc8 35. Rb7 Ra8 36. a7 Kh7 37. Rb8 Rxa7 38. c6 Ra1+ 39. Ne1 Ra7 40. Rb7 Ra6 41. c7 Rc6 42. Nd3 Ne4 43. Nc5 Nxc5 44. dxc5 Rxc5 45. Ke2 Rc1 46. Kd3 Rc6 47. Kd4 Kg6 48. Kxd5 Rc2 49. Kd6 Rd2+ 50. Ke7 Rc2 51. Kd8 Re2 52. Kc8 Rd2 53. Kb8 Rxf2 {White forfeits on time} 0-1

[Event "FICS rated blitz game"]
[Site "FICS freechess.org"]
[FICSGamesDBGameNo "20000811"]
[White "botijuanan"]
[Black "EColle"]
[WhiteElo "1736"]
[BlackElo "1519"]
[WhiteRD "na"]
[BlackRD "na"]
[TimeControl "180+12"]
[Date "1999.06.07"]
[Time "11:49:00"]
[WhiteClock "0:03:00.000"]
[BlackClock "0:03:00.000"]
[ECO "B19"]
[PlyCount "87"]
[Result "1-0"]

1. e4 c6 2. d4 d5 3. Nd2 dxe4 4. Nxe4 Bf5 5. Ng3 Bg6 6. Nf3 e6 7. h4 h6 8. Ne5 Bh7 9. Bd3 Bxd3 10. Qxd3 Nf6 11. O-O Nbd7 12. Qb3 Qc8 13. Re1 Nd5 14. c4 N5f6 15. Bf4 Be7 16. Nf3 O-O 17. Nf5 Re8 18. Nxe7+ Rxe7 19. d5 e5 20. Nxe5 Nxe5 21. Bxe5 Ng4 22. Bg3 Rxe1+ 23. Rxe1 cxd5 24. cxd5 Nf6 25. d6 Qc6 26. Re7 Rf8 27. Rxb7 Ne4 28. Rxa7 Nxg3 29. Qxg3 Rd8 30. b3 Rxd6 31. Qf3 Qc1+ 32. Kh2 Rf6 33. Qe4 g6 34. Qe3 Qc6 35. h5 Qd6+ 36. Qg3 Qxg3+ 37. Kxg3 Kg7 38. hxg6 Rxg6+ 39. Kh3 Rf6 40. f3 Rc6 41. b4 Kf6 42. b5 Rb6 43. a4 Kg6 44. Ra6 {Black resigns} 1-0

[Event "FICS rated lightning game"]
[Site "FICS freechess.org"]
[FICSGamesDBGameNo "20000810"]
[White "passpawn"]
[Black "panSerge"]
[WhiteElo "1875"]
[BlackElo "1915"]
[WhiteRD "na"]
[BlackRD "na"]
[TimeControl "60+0"]
[Date "1999.06.07"]
[Time "11:48:00"]
[WhiteClock "0:01:00.000"]
[BlackClock "0:01:00.000"]
[ECO "E43"]
[PlyCount "69"]
[Result "1-0"]

1. e3 e6 2. d4 b6 3. c4 Bb7 4. Nc3 Bb4 5. Nf3 Nf6 6. Be2 d5 7. O-O dxc4 8. Bxc4 O-O 9. a3 Bxc3 10. bxc3 c5 11. Ne5 cxd4 12. cxd4 Nc6 13. f4 Qe7 14. Bd3 Na5 15. Rb1 Nd5 16. Bd2 f6 17. Ng4 Nc6 18. Nf2 e5 19. fxe5 fxe5 20. e4 Nf4 21. Bxf4 Rxf4 22. d5 Nd4 23. Nh3 Rxf1+ 24. Qxf1 Rf8 25. Qe1 Qc5 26. Kh1 Nc2 27. Qg3 Nd4 28. Ng5 Qe7 29. Qg4 Qf6 30. h3 b5 31. Rf1 Qe7 32. Rxf8+ Qxf8 33. Qh5 Qe7 34. Qxh7+ Kf8 35. Qh8# {Black checkmated} 1-0

[Event "FICS rated blitz game"]
[Site "FICS freechess.org"]
[FICSGamesDBGameNo "20000809"]
[White "marcs"]
[Black "brubru"]
[WhiteElo "1469"]
[BlackElo "1430"]
[WhiteRD "na"]
[BlackRD "na"]
[TimeControl "120+12"]
[Date "1999.06.07"]
[Time "10:18:00"]
[WhiteClock "0:02:00.000"]
[BlackClock "0:02:00.000"]
[ECO "A03"]
[PlyCount "97"]
[Result "1-0"]

1. f4 d5 2. Nf3 Nc6 3. e3 Bf5 4. Be2 Nf6 5. O-O e6 6. d3 Bc5 7. Ne5 O-O 8. d4 Bd6 9. Nc3 Ne4 10. Nxe4 Bxe4 11. c4 f6 12. cxd5 exd5 13. Nf3 Ne7 14. Bd3 Bf5 15. Qc2 Qd7 16. Nh4 Bxd3 17. Qxd3 c5 18. Bd2 c4 19. Qc2 Nc6 20. Rf3 Nb4 21. Bxb4 Bxb4 22. Rh3 Qf7 23. Nf3 h6 24. a3 Bd6 25. Rg3 Rfe8 26. Nh4 g5 27. Nf5 Qf8 28. Nxd6 Qxd6 29. Qg6+ Kf8 30. Qxh6+ Ke7 31. fxg5 Rh8 32. Qg7+ Ke6 33. Qxf6+ Kd7 34. Qxd6+ Kxd6 35. Rf1 Ke6 36. Rf6+ Ke7 37. Rgf3 Rh7 38. g6 Rg7 39. Rf7+ Rxf7 40. Rxf7+ Ke6 41. Rxb7 Rg8 42. g7 Kf6 43. h4 Rxg7 44. Rxg7 Kxg7 45. g4 Kg6 46. Kf2 a5 47. Kg3 a4 48. Kf4 Kf6 49. h5 {Black resigns} 1-0

[Event "FICS rated blitz game"]
[Site "FICS freechess.org"]
[FICSGamesDBGameNo "20000807"]
[White "PWA"]
[Black "seans"]
[WhiteElo "1836"]
[BlackElo "1621"]
[WhiteRD "na"]
[BlackRD "na"]
[TimeControl "300+3"]
[Date "1999.06.07"]
[Time "07:01:00"]
[WhiteClock "0:05:00.000"]
[BlackClock "0:05:00.000"]
[ECO "C89"]
[PlyCount "102"]
[Result "1/2-1/2"]

1. e4 e5 2. Nf3 Nc6 3. Bb5 a6 4. Ba4 Nf6 5. O-O Be7 6. Re1 b5 7. Bb3 O-O 8. c3 d5 9. exd5 Nxd5 10. Nxe5 Nxe5 11. Rxe5 c6 12. d4 Bd6 13. Re1 Qh4 14. g3 Qh3 15. Be3 Bg4 16. Qd3 Rae8 17. Nd2 Kh8 18. c4 bxc4 19. Nxc4 Bc7 20. Bd2 f5 21. Ne5 Bxe5 22. Rxe5 Nf6 23. Rae1 Ne4 24. Bb4 Rxe5 25. dxe5 c5 26. Ba5 Nxf2 27. Qf1 Qxf1+ 28. Kxf1 Nd3 29. Rb1 Nxe5 30. Bc7 Nf3 31. Kg2 Re8 32. Bc4 Nd2 33. Rc1 Nxc4 34. Rxc4 Re2+ 35. Kg1 Rxb2 36. Rxc5 Rxa2 37. Be5 Kg8 38. Rc7 a5 39. Rxg7+ Kf8 40. Rxh7 a4 41. Ra7 Ke8 42. Bd4 Kd8 43. Bf2 Ra1+ 44. Kg2 a3 45. h3 Be2 46. Bc5 Bf1+ 47. Kf2 Bxh3 48. Rxa3 Rxa3 49. Bxa3 Bg4 50. Ke3 Kd7 51. Kf4 Kc6 {Game drawn by mutual agreement} 1/2-1/2

[Event "FICS rated standard game"]
[Site "FICS freechess.org"]
[FICSGamesDBGameNo "20000806"]
[White "hiritz"]
[Black "mudobber"]
[WhiteElo "1671"]
[BlackElo "1721"]
[WhiteRD "na"]
[BlackRD "na"]
[TimeControl "900+15"]
[Date "1999.06.06"]
[Time "22:32:00"]
[WhiteClock "0:15:00.000"]
[BlackClock "0:15:00.000"]
[ECO "C54"]
[PlyCount "34"]
[Result "0-1"]

1. e4 e5 2. Bc4 Nc6 3. Nf3 Bc5 4. c3 Nf6 5. O-O Nxe4 6. Qe2 d5 7. Bb3 Bg4 8. Bc2 Ng5 9. d3 Nxf3+ 10. gxf3 Bh3 11. Re1 O-O 12. f4 exf4 13. Qf3 Re8 14. Rxe8+ Qxe8 15. Qxh3 Qe1+ 16. Qf1 Bxf2+ 17. Kg2 f3+ {White resigns} 0-1

[Event "FICS rated blitz game"]
[Site "FICS freechess.org"]
[FICSGamesDBGameNo "20000805"]
[White "frentz"]
[Black "qmorf"]
[WhiteElo "1731"]
[BlackElo "1968"]
[WhiteRD "na"]
[BlackRD "na"]
[TimeControl "180+0"]
[Date "1999.06.06"]
[Time "20:17:00"]
[WhiteClock "0:03:00.000"]
[BlackClock "0:03:00.000"]
[ECO "C02"]
[PlyCount "103"]
[Result "1-0"]

1. e4 e6 2. d4 d5 3. e5 c5 4. f4 Nc6 5. Nf3 Qb6 6. c3 Nh6 7. Qb3 cxd4 8. Qxb6 axb6 9. cxd4 Nb4 10. Kd1 Rxa2 11. Bb5+ Bd7 12. Bxd7+ Kxd7 13. Rxa2 Nxa2 14. Bd2 Nb4 15. Bxb4 Bxb4 16. h3 Ra8 17. Kc2 Nf5 18. Kb3 Be7 19. Nc3 Ne3 20. Rg1 Nc4 21. g4 Kc6 22. f5 b5 23. fxe6 fxe6 24. g5 b4 25. Ne2 Rf8 26. Nh4 Rf2 27. Rg2 Rxg2 28. Nxg2 Bxg5 29. Kxb4 Ne3 30. Nxe3 Bxe3 31. Kc3 g5 32. b4 Kb5 33. Ng3 h6 34. Nh5 Bxd4+ 35. Kxd4 Kxb4 36. Ng3 b5 37. Nf1 Kb3 38. Nd2+ Kc2 39. Nf1 b4 40. Kc5 b3 41. Ne3+ Kd3 42. Nd1 Kd2 43. Nb2 Kc2 44. Na4 b2 45. Nxb2 Kxb2 46. Kd6 Kc3 47. Kxe6 d4 48. Kf6 d3 49. e6 d2 50. e7 d1=Q 51. e8=Q Qf3+ 52. Kg6 {Black forfeits on time} 1-0

[Event "FICS rated blitz game"]
[Site "FICS freechess.org"]
[FICSGamesDBGameNo "20000804"]
[White "Cleavage"]
[Black "toebone"]
[WhiteElo "1686"]
[BlackElo "1647"]
[WhiteRD "na"]
[BlackRD "na"]
[TimeControl "240+0"]
[Date "1999.06.06"]
[Time "15:45:00"]
[WhiteClock "0:04:00.000"]
[BlackClock "0:04:00.000"]
[ECO "E76"]
[PlyCount "119"]
[Result "1/2-1/2"]

1. d4 Nf6 2. c4 g6 3. Nc3 Bg7 4. e4 d6 5. f4 c5 6. d5 O-O 7. Nf3 b5 8. cxb5 a6 9. Be2 axb5 10. Bxb5 Nxe4 11. Nxe4 Qa5+ 12. Nc3 Bxc3+ 13. bxc3 Qxb5 14. Qc2 Bf5 15. Qb2 Qc4 16. Qd2 Nd7 17. Kf2 Nf6 18. Qe2 Qxe2+ 19. Kxe2 Nxd5 20. c4 Rxa2+ 21. Rxa2 Nc3+ 22. Ke3 Nxa2 23. Bb2 f6 24. h3 Nb4 25. g4 Be6 26. Rc1 Ra8 27. g5 Kf7 28. gxf6 exf6 29. Bc3 Ra3 30. Kd2 Bxc4 31. Bxb4 Rxf3 32. Rxc4 cxb4 33. Rxb4 Rxh3 34. Re4 f5 35. Rd4 Ke6 36. Ra4 Rf3 37. Rb4 h5 38. Ke2 Ra3 39. Rb8 Ra4 40. Re8+ Kf7 41. Rd8 Ke7 42. Rg8 Rxf4 43. Rxg6 d5 44. Rh6 Rh4 45. Kf3 d4 46. Kg3 Rh1 47. Kg2 Re1 48. Rxh5 Kf6 49. Kf2 Re4 50. Rh3 Ke5 51. Rd3 Kd5 52. Kf3 Rh4 53. Ra3 Rh3+ 54. Kf4 Rxa3 55. Kxf5 Rf3+ 56. Kg5 Rf1 57. Kg4 Ke5 58. Kg5 Rg1+ 59. Kh6 Kf6 60. Kh5 {Black ran out of time and White has no material to mate} 1/2-1/2

[Event "FICS rated blitz game"]
[Site "FICS freechess.org"]
[FICSGamesDBGameNo "20000803"]
[White "Kajake"]
[Black "petrica"]
[WhiteElo "1809"]
[BlackElo "1719"]
[WhiteRD "na"]
[BlackRD "na"]
[TimeControl "240+0"]
[Date "1999.06.06"]
[Time "15:42:00"]
[WhiteClock "0:04:00.000"]
[BlackClock "0:04:00.000"]
[ECO "C11"]
[PlyCount "124"]
[Result "0-1"]

1. e4 e6 2. d4 d5 3. Nc3 Nf6 4. e5 Nfd7 5. Qg4 c5 6. Be3 cxd4 7. Bxd4 Nc6 8. O-O-O Ndxe5 9. Bxe5 Nxe5 10. Qg3 Qf6 11. Bb5+ Bd7 12. Bxd7+ Nxd7 13. Qc7 Be7 14. Qxb7 Rb8 15. Qxa7 Bc5 16. Qc7 Qxf2 17. Nge2 Qe3+ 18. Kb1 Ba3 19. b3 Ke7 20. Rhf1 Rhc8 21. Rxf7+ Kxf7 22. Qxd7+ Kg8 23. Rf1 Rxc3 24. Nxc3 Rf8 25. Rxf8+ Bxf8 26. Kb2 Qc5 27. Qxe6+ Kh8 28. Qxd5 Qa3+ 29. Kb1 h6 30. Nb5 Qa5 31. Qf7 Qe1+ 32. Kb2 Qe5+ 33. Nc3 Bb4 34. Qc4 Qe7 35. Nd5 Ba3+ 36. Kc3 Qe5+ 37. Qd4 Bb2+ 38. Kxb2 Qxd4+ 39. Nc3 Qf2 40. a4 Qxg2 41. a5 Qxh2 42. b4 Qb8 43. Kb3 h5 44. Ka4 h4 45. b5 h3 46. Ne4 h2 47. Nf2 Qg3 48. b6 Qxf2 49. b7 Qf4+ 50. Kb5 h1=Q 51. a6 Qf5+ 52. Kb6 Qh6+ 53. Ka7 Qe3+ 54. Ka8 Qe8+ 55. b8=Q Qd5+ 56. Ka7 Qc5+ 57. Ka8 Qxb8+ 58. Kxb8 Qxc2 59. a7 Qa2 60. a8=Q Qxa8+ 61. Kxa8 g6 62. Kb7 g5 {White forfeits on time} 0-1

[Event "FICS rated blitz game"]
[Site "FICS freechess.org"]
[FICSGamesDBGameNo "20000802"]
[White "bobcat"]
[Black "rauer"]
[WhiteElo "1750"]
[BlackElo "1746"]
[WhiteRD "na"]
[BlackRD "na"]
[TimeControl "180+0"]
[Date "1999.06.06"]
[Time "11:16:00"]
[WhiteClock "0:03:00.000"]
[BlackClock "0:03:00.000"]
[ECO "A45"]
[PlyCount "73"]
[Result "1/2-1/2"]

1. d4 Nf6 2. e3 g6 3. Bd3 Bg7 4. f4 O-O 5. Nf3 c5 6. c3 cxd4 7. cxd4 d6 8. O-O Nc6 9. a3 Bg4 10. Bd2 Rc8 11. h3 Bxf3 12. Qxf3 e5 13. fxe5 dxe5 14. Bc3 Re8 15. Qf2 exd4 16. exd4 Qc7 17. Nd2 Rcd8 18. Rae1 Nd5 19. Rxe8+ Rxe8 20. Ne4 Nxc3 21. bxc3 Re7 22. Nf6+ Bxf6 23. Qxf6 Nd8 24. c4 Re3 25. Rf3 Rxf3 26. Qxf3 Ne6 27. Qd5 b6 28. Be2 Qg3 29. Bg4 Qe1+ 30. Kh2 h5 31. Bxe6 Qxe6 32. Qxe6 fxe6 33. Kg3 Kf7 34. Kf4 Kf6 35. g4 g5+ 36. Ke4 hxg4 37. hxg4 {Game drawn by mutual agreement} 1/2-1/2

[Event "FICS rated blitz game"]
[Site "FICS freechess.org"]
[FICSGamesDBGameNo "20000801"]
[White "Blackrider"]
[Black "GammelSmurf"]
[WhiteElo "1766"]
[BlackElo "1841"]
[WhiteRD "na"]
[BlackRD "na"]
[TimeControl "240+0"]
[Date "1999.06.06"]
[Time "08:20:00"]
[WhiteClock "0:04:00.000"]
[BlackClock "0:04:00.000"]
[ECO "B07"]
[PlyCount "94"]
[Result "0-1"]

1. e4 d6 2. d4 Nf6 3. Bd3 g6 4. Ne2 Bg7 5. O-O O-O 6. f4 Nc6 7. c3 e5 8. fxe5 dxe5 9. d5 Nb8 10. Bg5 c6 11. c4 Qb6+ 12. Kh1 Ng4 13. h3 Nf2+ 14. Rxf2 Qxf2 15. d6 Be6 16. c5 Qxc5 17. Be7 Re8 18. Nbc3 Rxe7 19. dxe7 Qxe7 20. Qc2 Nd7 21. Rd1 Nc5 22. b3 Rd8 23. Bc4 Bxc4 24. bxc4 Rd7 25. Rxd7 Qxd7 26. Nc1 Bh6 27. Nb3 Nxb3 28. axb3 b6 29. Ne2 a5 30. Kh2 Qd2 31. Qxd2 Bxd2 32. Kg3 Kg7 33. Kf3 f5 34. exf5 gxf5 35. Ng3 Kf6 36. Ke2 Bc1 37. Kd3 e4+ 38. Kd4 Bb2+ 39. Ke3 Ke5 40. Ne2 b5 41. cxb5 cxb5 42. g3 a4 43. bxa4 bxa4 44. g4 fxg4 45. hxg4 a3 46. Nf4 a2 47. g5 a1=Q {White resigns} 0-1

[Event "FICS rated blitz game"]
[Site "FICS freechess.org"]
[FICSGamesDBGameNo "20000800"]
[White "Uirapuru"]
[Black "Vincia"]
[WhiteElo "1618"]
[BlackElo "1734"]
[WhiteRD "na"]
[BlackRD "na"]
[TimeControl "180+0"]
[Date "1999.06.06"]
[Time "00:54:00"]
[WhiteClock "0:03:00.000"]
[BlackClock "0:03:00.000"]
[ECO "A35"]
[PlyCount "132"]
[Result "0-1"]

1. Nf3 c5 2. c4 Nc6 3. Nc3 d6 4. g3 Nf6 5. Bg2 a6 6. O-O e6 7. b3 Be7 8. Bb2 O-O 9. d4 Re8 10. e4 cxd4 11. Nxd4 Nxd4 12. Qxd4 e5 13. Qd2 Bg4 14. Nd5 Nxd5 15. exd5 Bg5 16. Qd3 Rf8 17. h3 Bh5 18. Be4 Bg6 19. Bxg6 fxg6 20. Bc1 Bf6 21. Be3 e4 22. Qe2 Bxa1 23. Rxa1 Qf6 24. Rf1 Qf3 25. Qd2 Rae8 26. Qd4 Qf5 27. c5 Qxh3 28. cxd6 Qd7 29. Bf4 g5 30. Bxg5 Qxd6 31. Bf4 Qg6 32. Kh2 Rf5 33. d6 Rh5+ 34. Kg2 Qe6 35. Rh1 Rxh1 36. Kxh1 Qh3+ 37. Kg1 Qd7 38. Qd5+ Qe6 39. Qd4 Qd7 40. Qd5+ Kh8 41. a3 Qc6 42. Qf5 Qd7 43. Qd5 Qc6 44. Qf5 Rc8 45. b4 b5 46. Qe6 Rd8 47. g4 Qd7 48. Qd5 Qxg4+ 49. Kf1 Qxf4 50. d7 Qc1+ 51. Kg2 Qc7 52. Qxe4 Qxd7 53. f3 Qd5 54. Qe7 Qd2+ 55. Kg3 Qd7 56. Qe5 h6 57. Qe4 Qd6+ 58. Kg2 Qd2+ 59. Kg3 Qd6+ 60. Kg2 Qf6 61. Qc2 Qg5+ 62. Kf1 Rd2 63. Qc8+ Kh7 64. Qh3 Rd1+ 65. Kf2 Qg1+ 66. Ke2 Qe1# {White checkmated} 0-1

[Event "FICS rated blitz game"]
[Site "FICS freechess.org"]
[FICSGamesDBGameNo "20000799"]
[White "nyknick"]
[Black "Surok"]
[WhiteElo "1725"]
[BlackElo "1569"]
[WhiteRD "na"]
[BlackRD "na"]
[TimeControl "120+12"]
[Date "1999.06.05"]
[Time "17:34:00"]
[WhiteClock "0:02:00.000"]
[BlackClock "0:02:00.000"]
[ECO "C10"]
[PlyCount "73"]
[Result "1-0"]

1. e4 e6 2. d4 d5 3. Nd2 dxe4 4. Nxe4 Nd7 5. Nf3 Ngf6 6. Ng3 Bd6 7. Bd3 b6 8. Ne4 Bb7 9. Nxd6+ cxd6 10. Bg5 O-O 11. Qe2 Qc7 12. O-O Rac8 13. c3 h6 14. Bh4 Nd5 15. Bg3 N7f6 16. Rfe1 Nh5 17. Nh4 Nxg3 18. hxg3 Nf6 19. Rad1 Rfe8 20. f4 Qc6 21. Nf3 Nh5 22. Kh2 Nf6 23. Nh4 h5 24. Rd2 Ng4+ 25. Kg1 e5 26. dxe5 dxe5 27. Bc4 exf4 28. Bd3 fxg3 29. Qf1 g5 30. Nf5 Rxe1 31. Qxe1 Qc5+ 32. Nd4 h4 33. Bf5 Nf2 34. Bxc8 Qxc8 35. Qe5 Qd8 36. Nf3 Bxf3 37. Rxd8+ {Black resigns} 1-0

[Event "FICS rated blitz game"]
[Site "FICS freechess.org"]
[FICSGamesDBGameNo "20000798"]
[White "Battony"]
[Black "vpff"]
[WhiteElo "1341"]
[BlackElo "1173"]
[WhiteRD "na"]
[BlackRD "na"]
[TimeControl "300+10"]
[Date "1999.06.05"]
[Time "14:21:00"]
[WhiteClock "0:05:00.000"]
[BlackClock "0:05:00.000"]
[ECO "C60"]
[PlyCount "71"]
[Result "1-0"]

1. e4 e5 2. Nf3 Nc6 3. Bb5 d5 4. exd5 Qxd5 5. Nc3 Qd8 6. O-O Bg4 7. Re1 f6 8. h3 Bxf3 9. Qxf3 Qd6 10. d4 O-O-O 11. Bxc6 bxc6 12. dxe5 fxe5 13. Be3 Kb8 14. Rad1 Qe7 15. Rxd8+ Qxd8 16. Qxc6 Bd6 17. Qa6 c5 18. Rd1 Qc7 19. Qxd6 Ne7 20. Qxc7+ Kxc7 21. Bxc5 Nf5 22. Bxa7 Ra8 23. Bc5 Nd4 24. Bxd4 exd4 25. Rxd4 Kb6 26. Rd7 Re8 27. Rxg7 Re1+ 28. Kh2 Rc1 29. Rxh7 Rxc2 30. Rh6+ Kc5 31. Rh5+ Kd4 32. Rd5+ Kc4 33. b3+ Kxc3 34. Rc5+ Kb2 35. Rxc2+ Kxc2 36. f4 {Black resigns} 1-0

[Event "FICS rated blitz game"]
[Site "FICS freechess.org"]
[FICSGamesDBGameNo "20000797"]
[White "knoxx"]
[Black "KRAL"]
[WhiteElo "1643"]
[BlackElo "1497"]
[WhiteRD "na"]
[BlackRD "na"]
[TimeControl "300+5"]
[Date "1999.06.05"]
[Time "14:09:00"]
[WhiteClock "0:05:00.000"]
[BlackClock "0:05:00.000"]
[ECO "B21"]
[PlyCount "105"]
[Result "1-0"]

1. e4 c5 2. d4 cxd4 3. c3 dxc3 4. Nxc3 a6 5. Bc4 e6 6. Qe2 Nc6 7. Nf3 b5 8. Bb3 Bb7 9. O-O Na5 10. Bc2 Nf6 11. Rd1 Be7 12. Be3 Nc4 13. b4 Bxb4 14. Bd4 O-O 15. Rab1 Ba5 16. Rb3 Re8 17. e5 Nd5 18. Ne4 d6 19. Nxd6 Nxd6 20. exd6 Qxd6 21. Qe4 f5 22. Qh4 Qe7 23. Qg3 Nf6 24. Ng5 h6 25. Nf3 Nh5 26. Qh3 Nf4 27. Qh4 Qxh4 28. Nxh4 e5 29. Bb2 Ne2+ 30. Kf1 Nd4 31. Bxd4 exd4 32. Nxf5 Rad8 33. Bd3 Re5 34. f4 Re6 35. a4 Rde8 36. axb5 axb5 37. Bxb5 Re1+ 38. Rxe1 Rxe1+ 39. Kf2 Rd1 40. Bc4+ Kh7 41. Rxb7 Rd2+ 42. Kf3 d3 43. Rxg7+ Kh8 44. Rd7 Bb6 45. Bxd3 Rf2+ 46. Ke4 Rxg2 47. Nxh6 Rxh2 48. Ng4 Rh4 49. Kf5 Rh5+ 50. Kg6 Rc5 51. Rb7 Bc7 52. Nf6 Rc6 53. Ra7 {Black forfeits on time} 1-0

[Event "FICS rated blitz game"]
[Site "FICS freechess.org"]
[FICSGamesDBGameNo "20000796"]
[White "specter"]
[Black "steveod"]
[WhiteElo "1387"]
[BlackElo "1226"]
[WhiteRD "na"]
[BlackRD "na"]
[TimeControl "120+12"]
[Date "1999.06.05"]
[Time "14:00:00"]
[WhiteClock "0:02:00.000"]
[BlackClock "0:02:00.000"]
[ECO "B07"]
[PlyCount "77"]
[Result "1-0"]

1. d4 d6 2. e4 e6 3. f4 Ne7 4. Nf3 Bd7 5. Bc4 h6 6. O-O Qc8 7. Nc3 Nec6 8. d5 Na5 9. dxe6 Bxe6 10. Bxe6 Qxe6 11. Nd5 Na6 12. Nd4 Qd7 13. f5 c6 14. Nf4 Nc5 15. b4 Nxe4 16. Re1 d5 17. bxa5 Bc5 18. c3 O-O 19. Qc2 Qxf5 20. Rf1 Qe5 21. Kh1 Bxd4 22. cxd4 Qxd4 23. Bb2 Qc4 24. Qxc4 dxc4 25. Rac1 b5 26. axb6 axb6 27. Rxc4 Rxa2 28. Bc3 Nxc3 29. Rxc3 c5 30. Rb3 Rb8 31. Rfb1 Ra6 32. Nd5 c4 33. Rxb6 Rbxb6 34. Nxb6 c3 35. Nd5 c2 36. Rc1 Rd6 37. Ne3 Rd1+ 38. Nxd1 cxd1=Q+ 39. Rxd1 {Black resigns} 1-0

[Event "FICS rated blitz game"]
[Site "FICS freechess.org"]
[FICSGamesDBGameNo "20000795"]
[White "kingfish"]
[Black "Rai"]
[WhiteElo "1716"]
[BlackElo "1693"]
[WhiteRD "na"]
[BlackRD "na"]
[TimeControl "300+0"]
[Date "1999.06.05"]
[Time "13:24:00"]
[WhiteClock "0:05:00.000"]
[BlackClock "0:05:00.000"]
[ECO "C05"]
[PlyCount "114"]
[Result "0-1"]

1. e4 e6 2. d4 d5 3. Nd2 Nf6 4. e5 Nfd7 5. Ngf3 c5 6. c3 Nc6 7. Bd3 Be7 8. O-O Qb6 9. Re1 cxd4 10. cxd4 Nxd4 11. Nxd4 Qxd4 12. Nf3 Qb6 13. Qe2 Nc5 14. Be3 Qd8 15. Bxc5 Bxc5 16. Bb5+ Bd7 17. Bxd7+ Qxd7 18. Rac1 b6 19. Ng5 h6 20. Nf3 O-O 21. Nd2 Rac8 22. Rcd1 Qa4 23. a3 Rc7 24. Nf1 Rfc8 25. Ng3 Be7 26. h3 Rc2 27. Qh5 Qf4 28. Ne2 Qg5 29. Qf3 Rxb2 30. Nd4 Bc5 31. Ne2 Qxe5 32. Nf4 Qf6 33. Nd3 Qxf3 34. gxf3 Rc2 35. Rc1 Bxf2+ 36. Nxf2 Rxc1 37. Rxc1 Rxc1+ 38. Kg2 f5 39. Nd3 Rc3 40. Ne5 Rxa3 41. Nc6 Kf7 42. Ne5+ Kf6 43. f4 g5 44. Nd7+ Kg6 45. fxg5 hxg5 46. Ne5+ Kh5 47. Nd7 g4 48. hxg4+ fxg4 49. Ne5 Re3 50. Nd7 d4 51. Nf6+ Kh4 52. Nd7 Re2+ 53. Kf1 d3 54. Nf6 g3 55. Nh7 Rb2 56. Nf6 Kh3 57. Ne4 Rb1# {White checkmated} 0-1